AoeStats
← VNS__Pan

African Clearing

510512122Analyzed
4v4 RM · 10h ago on Oct 1, 2026· 24m 3s· 8 players
Game mode
Random Map
Map size
Large (8 player)
Population
200
Speed
Normal
Resources
Standard
Victory
Conquest
Starting age
Dark Age
Ending age
Imperial Age
RankedLock teamsTeams togetherTeam positionsShared explorationLock speedFull tech treeHidden civsTurbo modeCheats
Victory
Defeat
🇺🇸 Hindustanis · United States
1494
+13
🇵🇪 Khmer · Peru
1480
+14
🇫🇮 Slavs · Finland
1422
+16
🇦🇺 Franks · Australia
1417
+16
🇨🇳 Spanish · China
1452
-16
🇯🇵 Vietnamese · Japan
1451
-16
🇻🇳 Magyars · Vietnam
1442
-15
🇨🇳 Varangians · China
1348
-12
god comic
3:35 Loom
13:33 Feudal Age
17:35 Castle Age
16:42 Double-Bit Axe
20:52 Fletching
肥肠拌面
3:41 Loom
13:11 Feudal Age
13:44 Double-Bit Axe
20:47 Castle Age
Ren
11:15 Loom
13:06 Feudal Age
17:45 Castle Age
16:36 Double-Bit Axe
18:58 Horse Collar
21:21 Fletching
VNS__Pan
12:46 Feudal Age
11:03 Loom
14:02 Double-Bit Axe
23:32 Castle Age
22:14 Bloodlines
23:33 Scale Barding Armor
Chiripa605
4:33 Loom
11:37 Feudal Age
12:08 Double-Bit Axe
22:01 Castle Age
23:14 Bloodlines
23:11 Scale Barding Armor
22:57 Town Watch
23:48 Bow Saw
23:20 Light Cavalry
KLIKELIN
3:45 Loom
13:48 Feudal Age
17:06 Castle Age
15:38 Double-Bit Axe
7777777
3:04 Loom
12:41 Feudal Age
12:54 Man-at-Arms
13:34 Double-Bit Axe
20:50 Castle Age
20:51 Long Swordsman
24:10 Squires
Vinkz
2:55 Loom
12:10 Feudal Age
15:27 Forging
16:51 Scale Barding Armor
19:01 Double-Bit Axe
23:51 Castle Age
23:56 Wheelbarrow
24:23 Gold Mining
Connection lost

Rejoining the realm…

Still unreachable

The connection could not be restored.

Session expired

The server has moved on; the page needs a fresh start.